Map: Romanticide LE

Players

DisK

  • Race: Protoss Protoss

Neeb - Winner!

  • Race: Protoss Protoss

Event: DreamHack SC2 Masters 2021 Summer

VOD

Have the link to the VOD?

Description

Time

  • Played on: June 2, 2021, 4:38 p.m.
  • Length: 11:46

All games in this series

Show
View Real Time Build Order
Export as new Build Order

DisK Protoss 

Build Orders: Phoenix Opening 

Get SALT Encoding   

  12  0:00  Probe  
  13  0:12  Probe  
  14  0:17  Pylon  
  14  0:24  Probe  
  15  0:35  Gateway  
  15  0:36  Probe (Chrono Boost)  
  16  0:46  Probe (Chrono Boost), Assimilator  
  17  0:51  Probe (Chrono Boost)  
  17  0:55  Assimilator  
  18  1:02  Probe (Chrono Boost)  
  19  1:07  Gateway  
  19  1:15  Probe (Chrono Boost)  
  20  1:23  Probe (Chrono Boost)  
  20  1:25  Cybernetics Core  
  21  1:29  Probe  
  22  1:40  Pylon  
  22  1:41  Probe  
  23  1:47  Pylon  
  23  1:58  Probe  
  24  2:03  Adept x2  
  28  2:14  Warp Gate  
  28  2:18  Cybernetics Core  
  28  2:27  Stargate  
  28  2:38  Stalker  
  30  2:53  Pylon  
  30  3:08  Nexus  
  30  3:15  Phoenix (Chrono Boost)  
  30  3:19  Probe  
  33  3:25  Pylon  
  33  3:31  Phoenix (Chrono Boost)  
  35  3:38  Probe  
  36  3:51  Probe  
  37  4:00  Phoenix  
  39  4:03  Probe (Chrono Boost)  
  39  4:06  Shield Battery  
  39  4:08  Stalker  
  39  4:09  Sentry  
  44  4:15  Probe (Chrono Boost)  
  45  4:22  Probe (Chrono Boost)  
  47  4:24  Probe (Chrono Boost)  
  47  4:29  Probe (Chrono Boost)  
  48  4:35  Probe (Chrono Boost)  
  50  4:38  Twilight Council  
  50  4:39  Probe (Chrono Boost)  
  51  4:47  Probe (Chrono Boost)  
  51  4:49  Robotics Facility  
  51  4:52  Probe (Chrono Boost)  
  52  4:55  Probe (Chrono Boost)  
  53  5:00  Probe  
  54  5:08  Probe  
  54  5:09  Nexus  
  54  5:11  Pylon  
  54  5:12  Probe  
  56  5:18  Stalker  
  58  5:23  Stalker  
  60  5:30  Probe x2, Blink  
  62  5:37  Assimilator  
  62  5:38  Observer  
  64  5:42  Probe  
  64  5:43  Probe  
  64  5:46  Pylon  
  65  5:53  Shield Battery  
  65  5:54  Pylon  
  65  5:56  Forge  
  65  5:59  Probe x2  
  65  6:03  Stalker  
  69  6:12  Gateway  
  69  6:13  Probe x2  
  69  6:14  Gateway  
  71  6:26  Probe (Chrono Boost), Protoss Ground Weapons Level 1 (Chrono Boost)  
  71  6:27  Probe x2 (Chrono Boost)  
  71  6:31  Immortal  
  78  6:36  Probe x2 (Chrono Boost), Photon Cannon  
  78  6:38  Probe (Chrono Boost)  
  81  6:48  Gateway x2  
  75  7:01  Probe (Chrono Boost)  
  75  7:02  Probe x2 (Chrono Boost)  
  75  7:07  Stalker x3  
  83  7:11  Stalker  
  83  7:13  Probe (Chrono Boost)  
  83  7:14  Observer, Probe (Chrono Boost)  
  83  7:15  Probe (Chrono Boost)  
  88  7:19  Probe  
  88  7:22  Probe, Photon Cannon  
  91  7:24  Probe  
  90  7:34  Probe x2  
  92  7:37  Pylon  
  92  7:40  Assimilator  
  92  7:43  Stalker x3  
  92  7:44  Stalker  
  100  7:49  Pylon  
  100  7:50  Pylon  
  100  7:58  Pylon  
  100  8:00  Gateway, Stalker x2  
  100  8:02  Gateway  
  100  8:03  Charge  
  104  8:09  Warp Prism (Chrono Boost)  
  106  8:13  Stalker  
  106  8:14  Stalker  
  106  8:18  Observer  
  110  8:21  Stalker x2  
  110  8:25  Stalker  
  110  8:26  Stalker  
  118  8:36  Pylon  
  118  8:41  Stalker x2  
  122  8:44  Stalker x2  
  126  8:49  Pylon  
  126  8:57  Stalker x4  
  126  9:10  Stalker  
  126  9:11  Stalker x3  
  110  9:25  Stalker x3  
  110  9:26  Stalker  
  110  9:28  Nexus  
  118  9:40  Zealot x3  
  118  9:41  Zealot  
  126  9:50  Zealot x4  
  134  9:56  Probe  
  134  9:57  Probe  
  128  10:10  Stalker x6  
  128  10:14  Zealot x2  
  104  10:34  Zealot x6  
  104  10:35  Zealot x2  
  112  10:36  Observer  
  94  10:49  Immortal (Chrono Boost)  
  76  10:57  Gateway  
  76  11:00  Zealot x2  
  76  11:01  Zealot x5  
  76  11:02  Gateway  
  90  11:08  Zealot  
Show
View Real Time Build Order
Export as new Build Order

Neeb Protoss - Winner!

Build Orders: Oracle Opening, Phoenix Opening, Zealot Archon 

Get SALT Encoding   

  12  0:00  Probe  
  13  0:12  Probe  
  14  0:19  Pylon  
  14  0:24  Probe  
  15  0:37  Probe (Chrono Boost)  
  15  0:39  Gateway  
  16  0:46  Probe (Chrono Boost), Assimilator  
  17  0:51  Probe (Chrono Boost)  
  17  0:55  Assimilator  
  18  1:03  Probe (Chrono Boost)  
  19  1:05  Pylon  
  19  1:13  Probe (Chrono Boost)  
  19  1:18  Probe (Chrono Boost)  
  21  1:26  Cybernetics Core  
  21  1:29  Probe  
  22  1:33  Zealot  
  24  1:41  Probe  
  25  1:55  Probe  
  26  2:03  Sentry (Chrono Boost)  
  26  2:07  Probe  
  29  2:20  Pylon  
  29  2:22  Probe, Pylon  
  30  2:28  Stargate  
  30  2:29  Phoenix  
  30  2:35  Warp Gate  
  30  2:37  Stalker  
  32  2:52  Gateway  
  33  3:03  Nexus  
  32  3:05  Probe  
  32  3:10  Oracle (Chrono Boost)  
  36  3:19  Shield Battery  
  36  3:21  Probe  
  37  3:33  Probe  
  38  3:37  Pylon  
  38  3:39  Phoenix  
  40  3:45  Probe  
  41  3:51  Twilight Council  
  41  3:57  Probe  
  42  4:06  Gateway  
  43  4:12  Probe (Chrono Boost)  
  43  4:16  Probe (Chrono Boost)  
  45  4:24  Stalker  
  45  4:25  Probe (Chrono Boost)  
  45  4:26  Probe (Chrono Boost)  
  45  4:28  Dark Shrine  
  48  4:34  Probe  
  48  4:38  Probe  
  50  4:42  Pylon  
  50  4:44  Shield Battery, Blink (Chrono Boost)  
  50  4:49  Probe  
  50  4:51  Probe  
  52  4:57  Assimilator  
  52  5:02  Probe  
  52  5:03  Stalker  
  52  5:04  Probe  
  53  5:14  Probe  
  54  5:18  Probe  
  55  5:25  Pylon  
  55  5:27  Probe  
  56  5:30  Probe  
  56  5:34  Nexus  
  57  5:35  Forge  
  57  5:40  Dark Templar  
  59  5:43  Dark Templar  
  59  5:46  Probe  
  59  5:48  Pylon  
  59  5:49  Probe  
  63  5:58  Probe  
  63  5:59  Stalker  
  66  6:04  Gateway  
  66  6:07  Probe  
  66  6:08  Gateway  
  65  6:13  Stalker  
  67  6:19  Probe  
  67  6:24  Protoss Ground Weapons Level 1 (Chrono Boost)  
  67  6:25  Shield Battery  
  68  6:27  Probe  
  68  6:31  Stalker  
  71  6:33  Probe  
  71  6:39  Probe  
  73  6:40  Stalker  
  73  6:41  Pylon  
  73  6:46  Probe  
  76  6:48  Probe  
  76  6:51  Probe (Chrono Boost)  
  76  6:57  Stalker  
  76  6:59  Probe (Chrono Boost)  
  76  7:00  Probe (Chrono Boost)  
  76  7:03  Probe (Chrono Boost)  
  78  7:10  Probe x2 (Chrono Boost)  
  78  7:11  Probe (Chrono Boost)  
  78  7:12  Stalker x3  
  78  7:14  Probe (Chrono Boost)  
  78  7:15  Probe (Chrono Boost)  
  86  7:17  Probe  
  86  7:21  Pylon  
  89  7:23  Charge  
  89  7:25  Probe  
  89  7:26  Gateway  
  89  7:28  Gateway  
  90  7:31  Probe x2  
  90  7:33  Assimilator  
  92  7:42  Gateway  
  92  7:43  Probe  
  93  7:44  Dark Templar  
  93  7:45  Stalker  
  93  7:49  Gateway  
  97  7:52  Archon, Pylon  
  97  7:53  Probe  
  97  7:54  Probe  
  97  7:56  Probe  
  97  7:58  Zealot  
  102  8:00  Nexus  
  102  8:02  Stalker  
  104  8:07  Pylon  
  104  8:13  Sentry  
  104  8:14  Protoss Ground Weapons Level 2 (Chrono Boost)  
  104  8:19  Dark Templar x2  
  110  8:23  Gateway  
  110  8:24  Gateway  
  110  8:25  Archon  
  110  8:29  Zealot x2  
  110  8:30  Zealot  
  116  8:37  Robotics Facility  
  116  8:45  Shield Battery  
  116  8:46  Zealot x2  
  116  8:47  Zealot  
  122  8:52  Pylon  
  122  8:55  Dark Templar x2  
  124  8:58  Zealot  
  124  8:59  Archon  
  124  9:00  Pylon  
  128  9:08  Stalker x3  
  114  9:18  Stalker x2  
  103  9:25  Stalker  
  103  9:28  Stalker  
  103  9:29  Stalker  
  109  9:32  Shield Battery x2  
  109  9:34  Zealot, Stalker  
  109  9:35  Zealot  
  115  9:45  Zealot x4  
  115  9:51  Zealot x2  
  127  9:56  Dark Templar x2  
  131  10:01  Warp Prism  
  129  10:10  Zealot x4  
  123  10:15  Archon  
  123  10:18  Zealot x2  
  109  10:29  Zealot x4  
  109  10:30  Zealot x2  
  107  10:37  Observer  
  102  10:42  Zealot  
  102  10:43  Zealot x4  
  104  10:55  Dark Templar  
  104  10:56  Zealot, Dark Templar  
  108  11:01  Archon  
  108  11:04  Zealot x5  
  108  11:05  Zealot x2  
  120  11:20  Observer  
Tags
 
Add a new tag
Caveats
  • Supply blocks, unpowered buildings, or Contaminate may cause inaccurate times.
  • Supply counts are checked every 10 seconds.